 Dungeon Crawl Stone Soup version 0.28.0-53-g5a82cb258f (webtiles) character file.

Game seed: 15016067352370493829

3712 cbfl8 the Cleaver (level 9, -2/71 (79) HPs)
             Began as a Green Draconian Berserker on July 19, 2022.
             Was a Priest of Trog.
             Slain by a wight
             ... wielding a +0 hand axe
              (7 damage)
             ... on level 8 of the Dungeon.
             The game lasted 00:11:16 (7460 turns).

cbfl8 the Cleaver (Green Draconian Berserker)       Turns: 7460, Time: 00:11:16

HP:   -2/71 (79)    AC: 11    Str: 23    XL:     9   Next: 91%
MP:   18/18         EV: 13    Int:  7    God:    Trog [***...]
Gold: 264           SH:  0    Dex:  7    Spells: 8/8 levels left

rFire   . . .      SeeInvis +   F - +0 broad axe (drain)
rCold   + . .      Faith    .   (no shield)
rNeg    . . .      Spirit   .   (armour unavailable)
rPois   +          Reflect  .   u - +0 hat
rElec   .          Harm     .   k - +0 cloak "Ezoshar" {Drain rC+ Will+++ MP+9 Dex-5}
rCorr   .          Rampage  .   m - +0 pair of gloves
Will    +++++                   t - +1 pair of boots
Stlth   ++........              s - amulet of magic regeneration
HPRegen 1.21/turn               w - ring of poison resistance
MPRegen 0.56/turn               y - ring of see invisible

@: short of breath, strong-willed, on berserk cooldown, regenerating, slowed,
heavily drained, very slow
A: breathe noxious fumes, AC +7, unfitting armour, poison resistance,
cold-blooded
a: Breathe Noxious Fumes, Renounce Religion, Berserk, Trog's Hand


You were on level 8 of the Dungeon.
You worshipped Trog.
Trog was most pleased with you.
You visited 1 branch of the dungeon, and saw 8 of its levels.

You collected 264 gold pieces.

Inventory:

Hand Weapons
 a - a +0 hand axe
 f - a +0 war axe
 F - a +0 broad axe of draining (weapon)
Armour
 g - a +0 chain mail
 k - the +0 cloak "Ezoshar" (worn) {Drain rC+ Will+++ MP+9 Dex-5}
   (You found it on level 2 of the Dungeon)

   Dex:       It affects your dexterity (-5).
   rC:        It protects you from cold.
   MP:        It affects your magic capacity (+9).
   Drain:     It drains your maximum health when unequipped.
   Will:      It greatly increases your willpower.
 m - a +0 pair of gloves (worn)
 r - an orb of energy
 t - a +1 pair of boots (worn)
 u - a +0 hat (worn)
Jewellery
 s - an amulet of magic regeneration (around neck)
 w - a ring of poison resistance (left hand)
 y - a ring of see invisible (right hand)
 H - a +6 ring of intelligence
Wands
 l - a wand of flame (20) (quivered)
 B - a wand of acid (25)
 I - a wand of mindburst (13)
Scrolls
 b - 2 scrolls of immolation {unknown}
 e - 7 scrolls of teleportation {unknown}
 i - 3 scrolls of enchant weapon {unknown}
 n - a scroll of amnesia {unknown}
 o - a scroll of summoning {unknown}
 p - 6 scrolls of identify {unknown}
 q - 2 scrolls of fog {unknown}
 v - a scroll of brand weapon {unknown}
 x - a scroll of silence {unknown}
 D - a scroll of noise {unknown}
Potions
 c - a potion of ambrosia {unknown}
 d - a potion of lignification {unknown}
 h - 3 potions of degeneration {unknown}
 j - a potion of heal wounds {unknown}
 z - 3 potions of might {unknown}
 A - a potion of magic {unknown}
 C - 3 potions of resistance {unknown}
 E - a potion of attraction {unknown}
 G - a potion of curing {unknown}


   Skills:
 + Level 7.5 Fighting
 + Level 10.7 Axes
 + Level 6.3 Dodging
 + Level 4.3 Stealth
 + Level 1.2 Evocations


You had 8 spell levels left.
You didn't know any spells.
Your spell library was empty.

Dungeon Overview and Level Annotations

Branches:
Dungeon (8/15)             Temple (0/1) D:4
   Lair: D:8-11

Altars:
Cheibriados
Elyvilon
Kikubaaqudgha
Qazlal
Sif Muna
Trog


Innate Abilities, Weirdness & Mutations

You can breathe blasts of noxious fumes.
Your lurid green scales are hard. (AC +7)
You cannot fit into any form of body armour.
Your system is resistant to poisons. (rPois)
You are cold-blooded and may be slowed by cold attacks.


Message History

You closely miss the wight. You barely miss the wight.
The wight closely misses you. The wight hits you but does no damage.
Unknown command.
You closely miss the wight. You hit the wight but do no damage.
The wight barely misses you. The wight hits you but does no damage.
The wight hits you with a +0 great sword!
You feel drained. The wight hits you but does no damage.
Unknown command.
You completely miss the wight. You barely miss the wight.
The wight hits you with a +0 great sword!
The wight hits you but does no damage.
The wight hits you with a +0 great sword.
The wight hits you but does no damage.
Unknown command.
You are too injured to fight recklessly!
Unknown command.
You are too injured to fight recklessly!
Your skin crawls.
You feel strong-willed. The wight misses you.
The wight hits you with a +0 hand axe!
Aiming: Breathe Noxious Fumes (4% risk of failure)
Press: ? - help, Shift-Dir - straight line, f - you You exhale a blast of noxious fumes.
The blast of choking fumes hits you but does no damage.
The wight barely misses you. The wight hits you with a +0 hand axe.
The wight closely misses you. The wight hits you with a +0 hand axe.
You feel drained.
* * * LOW HITPOINT WARNING * * *
Okay, then.
Aiming: Throw Flame
Press: ? - help, Q - select action, (/) - cycle Shift-Dir - straight line, f - wight
Aim: a wight, wielding a +0 great sword and wearing a +0 robe (68% to hit)
The puff of flame hits the wight.
The wight is lightly damaged.
The wight hits you with a +0 great sword!
* * * LOW HITPOINT WARNING * * *
You feel drained.
* * * LOW HITPOINT WARNING * * *
The wight hits you with a +0 hand axe!
You die...

#.# #.#.
#.########## #.#.
#.####.##.......#
#.#.
.....##.#####.#
#.#. ######..##.#
#.###.#.
........)..#
#.......
##.....##.#
#.###.##
##......##.#####.#
#.#
#.....@.##.......#
#.#
......z.z.#########
#.# ##.......## #.#
#......## #.#
#.#....# #.#
........# ... #
......# #.:.....


You could see 2 wights.

Vanquished Creatures
  Pikel (D:6)
  Maggie (D:7)
  Sigmund (D:5)
  5 yaks (D:5)
  Edmund (D:6)
  A black bear (D:5)
  An orc warrior (D:7)
  5 ogres
  2 centaurs (D:6)
  Blork the orc (D:6)
  2 kobold brigands (D:6)
  3 bullfrogs (D:7)
  A scorpion (D:6)
  3 wights (D:8)
  A bullfrog zombie (D:6)
  A centaur zombie (D:7)
  2 jellies
  An orc priest (D:6)
  3 hounds
  2 centaur skeletons (D:7)
  A gnoll shaman (D:7)
  4 iguanas
  An orc wizard (D:4)
  2 howler monkey skeletons (D:7)
  5 adders
  3 gnolls (D:4)
  A white imp (D:7)
  2 ufetubi
  2 adder skeletons (D:4)
  2 worms
  6 dart slugs
  14 orcs
  11 ball pythons
  7 endoplasms
  6 giant cockroaches
  4 goblins
  6 hobgoblins
  19 kobolds
  2 quokkas
  4 bats
  5 frilled lizards
  4 rats
149 creatures vanquished.

Notes
Turn   | Place    | Note
-------+----------+-------------------------------------------
     0 | D:1      | cbfl8 the Draconian Berserker began the quest for the Orb.
     0 | D:1      | Reached XP level 1. HP: 19/19 MP: 1/1
   151 | D:1      | Reached XP level 2. HP: 19/26 MP: 2/2
   423 | D:1      | You fall into a shaft and drop 1 floor!
   596 | D:1      | Reached XP level 3. HP: 31/33 MP: 3/3
   654 | D:1      | Reached ** piety under Trog
  1256 | D:2      | Reached XP level 4. HP: 26/40 MP: 4/4
  1503 | D:2      | Identified the +0 cloak "Ezoshar" {Drain rC+ Will+++ MP+9
                  | Dex-5}
  1618 | D:2      | Reached skill level 4 in Axes
  1873 | D:3      | Noticed an ogre
  1877 | D:3      | Killed an ogre
  1878 | D:3      | Reached skill level 1 in Stealth
  1878 | D:3      | Reached XP level 5. HP: 36/46 MP: 5/5
  2276 | D:3      | Found a shimmering blue altar of Sif Muna.
  2950 | D:4      | Reached skill level 5 in Axes
  2970 | D:4      | Noticed an ogre
  2978 | D:4      | Reached XP level 6. HP: 31/53 MP: 6/6
  3965 | D:4      | Your scales start taking on a lurid green colour.
  3965 | D:4      | Reached XP level 7. HP: 34/60 MP: 7/7
  3965 | D:4      | Gained mutation: Your system is resistant to poisons.
                  | (rPois) [Green Draconian growth]
  4418 | D:4      | Found a staircase to the Ecumenical Temple.
  4470 | D:5      | Entered Level 5 of the Dungeon
  4470 | D:5      | Noticed Sigmund
  4498 | D:5      | Killed Sigmund
  4499 | D:5      | Reached skill level 5 in Fighting
  4499 | D:5      | Reached skill level 6 in Axes
  4499 | D:5      | Reached skill level 1 in Evocations
  4562 | D:5      | Noticed a yak
  4562 | D:5      | Noticed a yak
  4563 | D:5      | Noticed a yak
  4563 | D:5      | Noticed a yak
  4563 | D:5      | Noticed a yak
  4570 | D:5      | Killed a yak
  4574 | D:5      | Killed a yak
  4575 | D:5      | Reached skill level 5 in Dodging
  4575 | D:5      | Reached XP level 8. HP: 67/68 MP: 8/8
  4580 | D:5      | Reached skill level 7 in Axes
  4884 | D:5      | Found a stormy altar of Qazlal.
  4892 | D:5      | Reached skill level 8 in Axes
  5458 | D:5      | Found a snail-covered altar of Cheibriados.
  5458 | D:5      | Found a white marble altar of Elyvilon.
  5458 | D:5      | Found an ancient bone altar of Kikubaaqudgha.
  5575 | D:6      | Noticed Blork the orc
  5583 | D:6      | Killed Blork the orc
  5654 | D:6      | Noticed Pikel
  5663 | D:6      | Killed Pikel
  5664 | D:6      | Reached skill level 9 in Axes
  5664 | D:6      | Reached XP level 9. HP: 77/77 MP: 9/9
  5855 | D:6      | Noticed Edmund
  5870 | D:6      | Killed Edmund
  6134 | D:6      | Reached *** piety under Trog
  6394 | D:6      | Found a bloodstained altar of Trog.
  6557 | D:7      | Reached skill level 10 in Axes
  6864 | D:7      | Noticed Maggie
  6872 | D:7      | Killed Maggie
  7460 | D:8      | Slain by a wight

Illustrated notes

Levels and vault maps discovered:
D:1:      minmay_arrival_glassed_features, layout_basic,
          minmay_shallow_snake_nest
D:2:      layout_loops_ring
D:3:      layout_basic, mainiacjoe_overflow_cross_hatched
D:4:      minmay_chambers_of_threes, layout_basic, lemuel_temple_firewalk_b
D:5:      layout_gridville, mainiacjoe_overflow_tiny_flanked,
          gammafunk_temple_overflow_claw, uniq_sigmund
D:6:      layout_gridville, mainiacjoe_overflow_six_doors_small,
          uniq_blork_the_orc, uniq_edmund, uniq_pikel
D:7:      layout_basic, minmay_misc_feat_secret_circle,
          minmay_chambers_of_fives, uniq_maggie
D:8:      layout_loops_ring, serial_bayou_pond_d, uniq_joseph

Skill      XL: |  1  2  3  4  5  6  7  8  9 |
---------------+----------------------------+-----
Dodging        | 3 4 5 6 |  6.3
Axes           | 4 5 6 9 10 | 10.7
Fighting       | 4 5 6 7 |  7.5
Stealth        | 1 2 3 4 |  4.3
Evocations     | 1 |  1.2

Action                   |  1- 3 |  4- 6 |  7- 9 || total
-------------------------+-------+-------+-------++-------
Melee: Hand axe          |   103 |       |       ||   103
       Tailslap          |    14 |    13 |    34 ||    61
       War axe           |    21 |   115 |   175 ||   311
       Punch             |       |     1 |     3 ||     4
       Broad axe         |       |       |    22 ||    22
Invok: Berserk           |     1 |     4 |     8 ||    13
       Trog's Hand       |       |     1 |     3 ||     4
 Abil: Breathe Noxious F |       |       |    11 ||    11
Evoke: Wand              |       |     9 |     2 ||    11
 Stab: Sleeping          |     3 |     1 |     3 ||     7
       Confused          |       |       |     2 ||     2
Armor: Skin              |    42 |    62 |    70 ||   174
Dodge: Dodged            |    93 |   136 |   132 ||   361
